 Dungeon Crawl Stone Soup version 0.19-a0-1341-g3513869 (webtiles) character file.

1908 4thArraOfDagon the Grappler (level 8, -1/67 HPs)
             Began as a Troll Ice Elementalist on Sept 1, 2016.
             Was a Believer of Uskayaw.
             Slain by a two-headed ogre
             ... wielding a +0 giant spiked club
              (8 damage)
             ... on level 9 of the Dungeon.
             The game lasted 00:08:14 (1773 turns).

4thArraOfDagon the Grappler (TrIE)                  Turns: 1773, Time: 00:08:14

Health: -1/67      AC:  8    Str: 17    XL:     8   Next: 94%
Magic:  10/10      EV:  6    Int:  7    God:    Uskayaw [**....]
Gold:   258        SH: 19    Dex: 10    Spells: 1 memorised, 8 levels left

rFire  . . .     SeeInvis .       - Unarmed
rCold  . . .     Gourm    +     v - +1 robe {rN+}
rNeg   + + .     Faith    .     m - +6 large shield of Ignorance {rN+ AC+4 Int-6 *Curse} (curse)
rPois  .         Spirit   .     (helmet restricted)
rElec  .         Dismiss  .     (no cloak)
rCorr  .         Reflect  .     (gloves unavailable)
MR     .....     Harm     .     (boots unavailable)
Stlth  +.........               (no amulet)
                                (no ring)
                                w - -2 ring of protection (curse)

@: no status effects
A: unfitting armour, claws 3, fast metabolism 3, gourmand, regeneration 1,
shaggy fur 1, tough skin 2
a: Stomp, Line Pass, Renounce Religion


You were on level 9 of the Dungeon.
You worshipped Uskayaw.
Uskayaw was noncommittal.
You were full.

You visited 1 branch of the dungeon, and saw 9 of its levels.

You collected 258 gold pieces.

Inventory:

Missiles
 e - 6 exploding tomahawks
 n - a throwing net (quivered)
 q - 3 tomahawks of dispersal
Armour
 a - a +0 robe
 m - the cursed +6 large shield of Ignorance (worn) {rN+ AC+4 Int-6 *Curse}
   (You found it on level 4 of the Dungeon)

   It affects your AC (+4).
   It affects your intelligence (-6).
   It protects you from negative energy.
   It may re-curse itself when equipped.
   It has a curse placed upon it.
 v - a +1 robe of positive energy (worn)
Jewellery
 k - an uncursed ring of teleportation
 w - a cursed -2 ring of protection (left claw)
Scrolls
 o - a scroll of random uselessness {unknown}
 s - a scroll of noise {unknown}
 t - a scroll of immolation {unknown}
 u - a scroll of enchant weapon {unknown}
Potions
 d - 2 potions of flight
 h - a potion of degeneration
 j - 2 potions of magic
 l - 2 potions of might
 p - a potion of mutation {unknown}
 r - 2 potions of curing
Books
 b - a book of Frost

   Spells                             Type                      Level
   a - Freeze                         Ice                          1
   b - Throw Frost                    Conjuration/Ice              2
   c - Ozocubu's Armour               Charms/Ice                   3
   d - Throw Icicle                   Conjuration/Ice              4
   e - Summon Ice Beast               Ice/Summoning                4
Comestibles
 c - 6 bread rations
 f - 3 beef jerkies
 g - a fruit
 i - 2 meat rations


   Skills:
 - Level 1.5 Dodging
 - Level 1.1 Stealth
 + Level 4.2 Shields
 * Level 8.4 Unarmed Combat
 - Level 1.2 Spellcasting
   Level 0.6 Conjurations
 - Level 2.1 Ice Magic
 + Level 5.1 Invocations


You had 8 spell levels left.
You knew the following spells:

 Your Spells              Type           Power        Failure   Level  Hunger
a - Freeze                Ice            #...         98%         1    ##.....


Dungeon Overview and Level Annotations

Branches:
Dungeon (9/15)             Temple (0/1) D:7
   Lair: D:8-11         Orc: D:9-12

Altars:
Dithmenos
Elyvilon
Hepliaklqana
Makhleb
Uskayaw
Vehumet
The Shining One

Shops:
D:4 [

Annotations:
D:5 Eustachio


Innate Abilities, Weirdness & Mutations

You are too large for most types of armour.
You have claws for hands.
Your metabolism is lightning-fast.
You like to eat raw meat.
Your natural rate of healing is unusually fast.
You are covered in fur. (AC +1)
You have very tough skin. (AC +2)


Message History

You block the two-headed ogre's attack. x2
You barely miss the two-headed ogre.
The two-headed ogre hits you with a giant spiked club!!
The two-headed ogre hits you with an enchanted dire flail!
You claw the two-headed ogre!
The two-headed ogre is heavily wounded.
Unknown command.
You claw the two-headed ogre!
The two-headed ogre is almost dead.
The two-headed ogre hits you but does no damage.
The two-headed ogre hits you with an enchanted dire flail!
You can now pass through a line of other dancers.
Unknown command.
Unknown command.
You scratch the two-headed ogre.
The two-headed ogre is almost dead.
The two-headed ogre hits you with a giant spiked club!
* * * LOW HITPOINT WARNING * * *
The two-headed ogre hits you with an enchanted dire flail!
You die...

# ....#.# #.##. #.#...##
#.##. #...)... ..... #
#.##..# #.##.
#.#.#####.##..# #.##.
#....O@.......# #.##.
Z..........##..#####.##.
##.#.......'...........:
#.......##...####.#..
##########...†....#..
#....#####.. #....# #..
#..#.# #.< #....# #.#


You could see a two-headed ogre and a quokka zombie.

Vanquished Creatures
  A hippogriff (D:7)
  A sky beast (D:7)
  An ice beast (D:5)
  An ogre (D:4)
  2 centaurs (D:8)
  2 giant frogs
  A wyvern skeleton (D:7)
  5 killer bees (D:8)
  10 wights
  2 howler monkeys (D:8)
  A crimson imp (D:7)
  A giant frog zombie (D:7)
  An orc priest (D:6)
  A giant frog skeleton (D:6)
  2 orc wizards (D:3)
  4 iguanas
  3 worker ants
  Ijyb (D:2)
  5 adders
  An ooze (D:3)
  An adder skeleton (D:6)
  2 giant geckos
  11 orcs
  A giant cockroach (D:1)
  4 goblins
  2 hobgoblins (D:1)
  2 kobolds (D:3)
  3 bats
  A giant cockroach zombie (D:6)
  A quokka skeleton (D:6)
  A rat (D:2)
75 creatures vanquished.

Vanquished Creatures (others)
  12 fungi (D:8)
  4 plants (D:8)
16 creatures vanquished.

Grand Total: 91 creatures vanquished

Notes
Turn   | Place    | Note
-------+----------+-------------------------------------------
     0 | D:1      | 4thArraOfDagon the Troll Ice Elementalist began the quest for the Orb.
     0 | D:1      | Reached XP level 1. HP: 16/16 MP: 1/1
   121 | D:2      | Found a hide-covered altar of Uskayaw.
   121 | D:2      | Noticed a dagger
   121 | D:2      | Noticed an enchanted hand axe
   133 | D:2      | Became a worshipper of Uskayaw the Reveler
   167 | D:2      | Noticed Ijyb
   182 | D:2      | Reached * piety under Uskayaw
   188 | D:2      | Reached ** piety under Uskayaw
   191 | D:2      | Killed Ijyb
   191 | D:2      | Reached skill level 2 in Unarmed Combat
   191 | D:2      | Reached skill level 1 in Invocations
   191 | D:2      | Reached XP level 2. HP: 24/24 MP: 2/2
   194 | D:2      | Reached XP level 3. HP: 31/31 MP: 3/3
   194 | D:2      | Reached *** piety under Uskayaw
   428 | D:3      | Found a white marble altar of Elyvilon.
   454 | D:4      | Found Cutal's Antique Armour Boutique.
   461 | D:4      | Reached skill level 3 in Unarmed Combat
   461 | D:4      | Reached XP level 4. HP: 36/39 MP: 4/4
   586 | D:4      | Noticed an ogre
   614 | D:4      | Killed an ogre
   614 | D:4      | Reached skill level 1 in Shields
   614 | D:4      | Reached skill level 4 in Unarmed Combat
   614 | D:4      | Reached XP level 5. HP: 11/45 MP: 5/5
   741 | D:3      | Reached XP level 6. HP: 53/53 MP: 6/6
   753 | D:3      | Found a hazy altar of Hepliaklqana.
   793 | D:3      | Found a glowing golden altar of the Shining One.
   815 | D:5      | Entered Level 5 of the Dungeon
   815 | D:5      | Noticed an ice beast
   822 | D:5      | Killed an ice beast
   866 | D:5      | Found a shadowy altar of Dithmenos.
   888 | D:5      | Noticed Eustachio
   985 | D:6      | Reached skill level 5 in Unarmed Combat
  1098 | D:6      | Found a burning altar of Makhleb.
  1176 | D:7      | Found a staircase to the Ecumenical Temple.
  1190 | D:7      | Reached XP level 7. HP: 59/59 MP: 8/8
  1259 | D:7      | Reached skill level 6 in Unarmed Combat
  1363 | D:7      | Reached **** piety under Uskayaw
  1383 | D:7      | Reached XP level 8. HP: 67/67 MP: 8/10
  1442 | D:8      | Found a radiant altar of Vehumet.
  1459 | D:8      | Reached skill level 7 in Unarmed Combat
  1535 | D:8      | Reached ***** piety under Uskayaw
  1618 | D:8      | Reached skill level 8 in Unarmed Combat
  1628 | D:8      | Reached skill level 5 in Invocations
  1760 | D:9      | Noticed a two-headed ogre
  1773 | D:9      | Slain by a two-headed ogre

Vault maps used:
D:1:      onia_arrival_mini_maze_b, roderic_filled_cross
D:2:      dancing_weapons_uskayaw, marbit_many_paths, hangedman_ru_absence,
          ecumenical_altar_1, uniq_iyjb
D:3:      nicolae_overflow_crystal_walls, nicolae_overflow_hidden_temple,
          lemuel_doored_altar, st_stairs_10, minmay_misc_feat_rugged
D:4:      lemuel_blue_sif_altar, first_bread, serial_shops, shop,
          minmay_misc_feat_alley
D:5:      nicolae_dithmenos_the_darkroom, uniq_eustachio
D:6:      kennysheep_little_box, grunt_decor_arrowhead
D:7:      overflow_temple_1_default
D:8:      vehumet_crystals, due_lair_maze_entry_diamond
D:9:      uniq_erolcha, uniq_erica

Skill      XL: |  1  2  3  4  5  6  7  8 |
---------------+-------------------------+-----
Unarmed Combat | 2 3 4 5 6 8 |  8.4
Invocations    | 1 2 3 4 5 |  5.1
Shields        | 1 2 3 4 |  4.2
Dodging        | |  1.5
Stealth        | |  1.1
Spellcasting   | |  1.2
Conjurations   | |  0.6
Ice Magic      | |  2.1

Action                   |  1- 3 |  4- 6 |  7- 9 || total
-------------------------+-------+-------+-------++-------
Melee: Unarmed           |    75 |   121 |   177 ||   373
       Punch             |     1 |       |       ||     1
Throw: Tomahawk          |       |     1 |       ||     1
  Use: Scroll            |     2 |     3 |     2 ||     7
 Stab: Sleeping          |     1 |       |     1 ||     2
       Paralysed         |       |       |     4 ||     4
  Eat: Chunk             |     2 |     9 |     9 ||    20
Armor: Robe              |    71 |    21 |    35 ||   127
Dodge: Dodged            |    94 |    16 |    20 ||   130
Block: Large shield      |       |   112 |   129 ||   241
